 Dungeon Sprint DCSS version 0.17-a0-1508-ge7f3dc3 (webtiles) character file.

4294 Kidiri the Unseen (level 10, -3/43 (44) HPs)
             Began as a Spriggan Enchanter on July 10, 2015.
             Was a Follower of Dithmenos.
             Succumbed to a death drake's dark miasma
             ... in the Dungeon (Sprint II: "The Violet Keep of Menkaure").
             The game lasted 00:16:34 (1515 turns).

Kidiri the Unseen (Spriggan Enchanter)              Turns: 1515, Time: 00:16:34

HP:   -3/43 (44)    AC:  4    Str:  4    XL:     10   Next: 11%
MP:   23/26         EV: 28    Int: 19    God:    Dithmenos [*.....]
Gold: 511           SH:  0    Dex: 18    Spells: 5 memorised, 19 levels left

rFire  . . .     SeeInvis +     a - +3 dagger
rCold  . . .     Clarity  .     b - +1 robe
rNeg   . . .     SustAt   .     (shield restricted)
rPois  .         Gourm    .     (helmet restricted)
rElec  .         Spirit   .     E - +0 cloak
rCorr  .         Warding  .     (gloves unavailable)
rMut   .         NoTele   +     (boots unavailable)
MR     +....                    (no amulet)
Stlth  +++++++++.               l - ring of wizardry
                                k - ring of flight

@: lethally poisoned (-3 -> -58), slowed, wreathed by umbra, quick, somewhat
resistant to hostile enchantments, incredibly stealthy
A: unfitting armour, see invisible, herbivore 3, speed 3, slow metabolism 2
a: Renounce Religion, Evoke Flight


You were in the Dungeon.
You worshipped Dithmenos.
Dithmenos was aware of your devotion.
You were not hungry.

You visited 1 branch You collected 1203 gold pieces.
You spent 692 gold pieces at shops.

Inventory:

Hand weapons
 a - a +3 dagger (weapon)
Armour
 b - a +1 robe (worn)
 E - a +0 cloak (worn)
Jewellery
 k - a ring of flight (left hand)
 l - a ring of wizardry (right hand)
 o - an uncursed ring of sustain attributes
 y - an uncursed amulet of stasis
Scrolls
 f - a scroll of fear {unknown}
 j - a scroll of blinking
 n - 2 scrolls of recharging
 t - a scroll of remove curse
 C - a scroll of amnesia
Potions
 g - a potion of haste
 h - 5 potions of magic
 i - a potion of berserk rage
 m - 3 potions of resistance
 s - 3 potions of flight
 v - a potion of might
 w - 2 potions of beneficial mutation {unknown}
 z - 2 potions of agility {unknown}
 A - a potion of lignification {unknown}
Books
 c - a book of Maledictions

   Spells                             Type                      Level
   a - Corona                         Hexes                        1
   b - Ensorcelled Hibernation        Hexes/Ice                    2
   c - Confuse                        Hexes                        3
   d - Tukima's Dance                 Hexes                        3
   e - Dazzling Spray                 Conjuration/Hexes            3
Comestibles
 d - a bread ration
 q - a slice of pizza


   Skills:
 * Level 12.2 Short Blades
 + Level 11.6 Dodging
 * Level 16.7 Stealth
 * Level 11.3 Spellcasting
 + Level 4.9 Conjurations
 + Level 10.2 Hexes
 + Level 5.3 Ice Magic
 + Level 1.3 Invocations
 + Level 5.8 Evocations


You had 19 spell levels left.
You knew the following spells:

 Your Spells              Type           Power        Failure   Level  Hunger
a - Corona                Hex            #####..      1%          1    None
b - Ensorcelled Hibernat  Hex/Ice        #####.       1%          2    None
c - Confuse               Hex            #####...     1%          3    None
d - Tukima's Dance        Hex            #####...     1%          3    None
e - Dazzling Spray        Conj/Hex       #####...     1%          3    None


Dungeon Overview and Level Annotations

Branches:
Dungeon (1/1)

Altars:
Cheibriados
Dithmenos
Elyvilon
Fedhas
Gozag
Kikubaaqudgha
Makhleb
Nemelex Xobeh
Okawaru
Qazlal
Ru
Sif Muna
Trog
Vehumet
Xom
Yredelemnul
Zin
The Shining One
Beogh
Jiyva
Lugonu

Shops:
D }?:*==!(%(*=[:![

Annotations:
D exclusion: oklob plant


Innate Abilities, Weirdness & Mutations

You are tiny and cannot use many weapons and most armour.
You have supernaturally acute eyesight.
You are a herbivore.
You cover ground extremely quickly.
You need consume almost no food.


Message History

The death drake closely misses you. The swamp drake closely misses you.
You hit the death drake.
The death drake is lightly wounded.
The death drake breathes miasma at you. The foul vapour engulfs you!
You are poisoned.
Unknown command.
Drink which item? (? for menu, Esc to quit)
Okay, then.
You are engulfed in dark miasma.
You are lethally poisoned!
You feel yourself slow down.
* * * LOW HITPOINT WARNING * * *
x2 You feel sick.
The swamp drake is engulfed in dark miasma.
The swamp drake closely misses you.
You are engulfed in dark miasma.
You are more poisoned.
You feel your flesh rotting away!
* * * LOW HITPOINT WARNING * * *
You die...

≈§§§§≈**,≈,....**#..§▓§≈≈§§≈≈≈▓▓*
++#+++##***,...*,##)}▓▓▓▓▓▓▓▓▓▓▓*
.......#,,+,,..*k.#|[▓.)..).([▓▓,
##+##..#,,***#.*,.#||▓....%))(▓▓,
#.#.##.####,,+§##8#}|▓..(().[.▓▓,
..#..#....#,,#.§k####▓..[.([[(▓▓,
#.#.####..#####k§##)#▓)(..)([.▓▓,
##'###.##..#..§§§#%.#▓.[..(...▓▓,
##.##..##..#..#§@#%.#▓[.([...)▓▓,
'.<.'.##+..####..##.#▓[(..[...▓▓,
##.##.#.#....###...##▓▓▓▓▓▓▓+▓▓▓▓
##'###.##≈.....≈≈≈≈≈≈≈≈≈≈≈≈≈...≈≈
##.#####≈≈§§...≈#+########+###.≈.
..#..#≈≈≈≈≈§≈§.≈#_._.....#%≈≈##≈≈
#.#.##≈≈≈≈§≈≈§.≈#._._....#≈≈§§###
##+##≈≈≈§≈≈≈§≈≈≈#_._._...#≈§≈§§##
≈≈≈≈≈≈≈≈§≈≈≈≈≈≈≈#._._._..#§≈≈§§≈#


You could see a death drake, a crystal guardian and a swamp drake.

Vanquished Creatures
  A kraken (D)
  A siren (D)
  A yaktaur (D)
  3 polar bears (D)
  2 boulder beetles (D)
  A blink frog (D)
  2 wyverns (D)
  Menkaure (D)
  A wasp (D)
  4 crocodiles (D)
  4 brain worms (D)
  4 worker ants (D)
25 creatures vanquished.

Vanquished Creatures (others)
  16 tentacles (D)
  18 tentacle segments (D)
34 creatures vanquished.

Grand Total: 59 creatures vanquished

Notes
Turn   | Place    | Note
--------------------------------------------------------------
     0 | D        | Kidiri the Spriggan Enchanter began the quest for the Orb.
     0 | D        | Reached XP level 1. HP: 9/9 MP: 5/5
     1 | D        | Noticed a siren
     4 | D        | Noticed a boulder beetle
     4 | D        | Noticed a boulder beetle
     8 | D        | Noticed a worker ant
     8 | D        | Noticed a worker ant
    11 | D        | Noticed a brain worm
    11 | D        | Noticed a brain worm
    11 | D        | Noticed a brain worm
    11 | D        | Noticed a brain worm
    29 | D        | Killed a brain worm
    29 | D        | Reached skill level 5 in Dodging
    29 | D        | Reached skill level 7 in Stealth
    29 | D        | Reached skill level 5 in Hexes
    29 | D        | Reached XP level 2. HP: 7/13 MP: 5/8
    29 | D        | Reached XP level 3. HP: 8/16 MP: 5/9
    29 | D        | Reached XP level 4. HP: 10/21 MP: 6/11
    41 | D        | Killed a brain worm
    41 | D        | Reached skill level 5 in Short Blades
    41 | D        | Reached skill level 9 in Stealth
    41 | D        | Reached skill level 5 in Spellcasting
    41 | D        | Reached XP level 5. HP: 12/24 MP: 8/13
    57 | D        | Killed a brain worm
    57 | D        | Reached skill level 10 in Stealth
    69 | D        | Killed a brain worm
    69 | D        | Reached skill level 11 in Stealth
    69 | D        | Reached XP level 6. HP: 11/28 MP: 11/16
    86 | D        | Learned a level 3 spell: Confuse
    89 | D        | Learned a level 2 spell: Ensorcelled Hibernation
    93 | D        | Learned a level 3 spell: Tukima's Dance
    97 | D        | Learned a level 3 spell: Dazzling Spray
   267 | D        | Noticed a worker ant
   267 | D        | Noticed a worker ant
   268 | D        | Killed a worker ant
   269 | D        | Killed a worker ant
   271 | D        | Killed a worker ant
   271 | D        | Reached skill level 1 in Ice Magic
   273 | D        | Killed a worker ant
   273 | D        | Reached skill level 1 in Conjurations
   285 | D        | Killed a siren
   285 | D        | Reached skill level 12 in Stealth
   285 | D        | Reached XP level 7. HP: 32/32 MP: 15/18
   301 | D        | Killed a boulder beetle
   301 | D        | Reached skill level 13 in Stealth
   304 | D        | Killed a boulder beetle
   304 | D        | Reached XP level 8. HP: 36/36 MP: 12/21
   322 | D        | Found Gimawkae's Distillery.
   322 | D        | Found Neolib's Antique Armour Shop.
   322 | D        | Found Rywo's Antique Weapon Boutique.
   322 | D        | Found Bioc Usat's Assorted Antiques.
   322 | D        | Found Ogatong's Food Shop.
   323 | D        | Found Awirem's Antique Armour Shop.
   323 | D        | Found Feitoi's Jewellery Shop.
   323 | D        | Found Puixtug's Antique Weapon Shop.
   324 | D        | Found Joineosk's Distillery.
   324 | D        | Found Weogoskink's Jewellery Boutique.
   324 | D        | Noticed a soldier ant
   325 | D        | Found Durur's Book Boutique.
   326 | D        | Found Jaresueg's Jewellery Shop.
   326 | D        | Found Nong's General Store.
   326 | D        | Noticed Menkaure
   326 | D        | Noticed a soldier ant
   326 | D        | Noticed a soldier ant
   326 | D        | Noticed an oklob plant
   341 | D        | Noticed a lava snake
   341 | D        | Noticed a lava snake
   342 | D        | Noticed a lava snake
   342 | D        | Noticed a lava snake
   345 | D        | Killed Menkaure
   345 | D        | Reached skill level 10 in Short Blades
   345 | D        | Reached skill level 14 in Stealth
   360 | D        | Noticed a flying skull
   360 | D        | Noticed a flying skull
   360 | D        | Noticed a flying skull
   361 | D        | Noticed a flying skull
   361 | D        | Noticed a flying skull
   361 | D        | Noticed a flying skull
   361 | D        | Noticed a flying skull
   362 | D        | Noticed a flying skull
   362 | D        | Noticed a flying skull
   362 | D        | Noticed a flying skull
   362 | D        | Noticed a flying skull
   367 | D        | Noticed a blink frog
   369 | D        | Killed a blink frog
   379 | D        | Found Qaceutic's Magic Scroll Shop.
   379 | D        | Found Merutru's Gadget Boutique.
   379 | D        | Found Becieps's Book Shoppe.
   382 | D        | Noticed a redback
   389 | D        | Noticed a shining eye
   389 | D        | Noticed a shining eye
   394 | D        | Noticed a shining eye
   394 | D        | Noticed an electric eel
   394 | D        | Noticed a redback
   394 | D        | Noticed an electric eel
   423 | D        | Bought an uncursed ring of flight for 175 gold pieces
   423 | D        | Bought an uncursed ring of wizardry for 300 gold pieces
   460 | D        | Noticed a flying skull
   477 | D        | Noticed a kraken
   490 | D        | Found a bloodstained altar of Trog.
   490 | D        | Found a viscous altar of Jiyva.
   490 | D        | Found a sacrificial altar of Ru.
   631 | D        | Killed a kraken
   631 | D        | Reached skill level 10 in Dodging
   631 | D        | Reached skill level 15 in Stealth
   631 | D        | Reached skill level 10 in Spellcasting
   631 | D        | Reached XP level 9. HP: 33/39 MP: 13/24
   701 | D        | Noticed an obsidian statue
   704 | D        | Found a deep blue altar of Sif Muna.
  1020 | D        | Found a radiant altar of Vehumet.
  1020 | D        | Found a shimmering altar of Xom.
  1021 | D        | Found a blossoming altar of Fedhas.
  1021 | D        | Found an iron altar of Okawaru.
  1021 | D        | Found an ancient bone altar of Kikubaaqudgha.
  1022 | D        | Found a shadowy altar of Dithmenos.
  1022 | D        | Found a corrupted altar of Lugonu.
  1022 | D        | Found a snail-covered altar of Cheibriados.
  1023 | D        | Found a white marble altar of Elyvilon.
  1023 | D        | Found a glowing golden altar of the Shining One.
  1024 | D        | Found a sparkling altar of Nemelex Xobeh.
  1024 | D        | Found a basalt altar of Yredelemnul.
  1027 | D        | Noticed a yaktaur
  1027 | D        | Noticed a wasp
  1027 | D        | Noticed a polar bear
  1028 | D        | Noticed a polar bear
  1028 | D        | Noticed a polar bear
  1029 | D        | Killed a polar bear
  1031 | D        | Killed a wasp
  1031 | D        | Reached skill level 16 in Stealth
  1032 | D        | Killed a polar bear
  1032 | D        | Reached skill level 5 in Evocations
  1033 | D        | Killed a polar bear
  1033 | D        | Reached skill level 10 in Hexes
  1033 | D        | Reached skill level 5 in Ice Magic
  1035 | D        | Killed a yaktaur
  1049 | D        | Found an opulent altar of Gozag.
  1049 | D        | Found a glowing silver altar of Zin.
  1049 | D        | Found a burning altar of Makhleb.
  1050 | D        | Found a roughly hewn altar of Beogh.
  1050 | D        | Found a stormy altar of Qazlal.
  1056 | D        | Became a worshipper of Dithmenos the Shadowed
  1062 | D        | Noticed a crocodile
  1090 | D        | Noticed a crocodile
  1099 | D        | Killed a crocodile
  1240 | D        | Noticed a crocodile
  1285 | D        | Bought a scroll of identify for 28 gold pieces
  1298 | D        | Bought a scroll of identify for 28 gold pieces
  1298 | D        | Bought a scroll of enchant weapon for 105 gold pieces
  1298 | D        | Bought a scroll of identify for 28 gold pieces
  1298 | D        | Bought a scroll of identify for 28 gold pieces
  1398 | D        | Noticed a death drake
  1398 | D        | Noticed a swamp drake
  1414 | D        | Killed a crocodile
  1414 | D        | Reached XP level 10. HP: 44/44 MP: 23/26
  1419 | D        | Killed a crocodile
  1424 | D        | Noticed a flying skull
  1426 | D        | Noticed a crocodile
  1426 | D        | Killed a crocodile
  1432 | D        | Noticed a flying skull
  1432 | D        | Noticed a flying skull
  1432 | D        | Noticed a flying skull
  1433 | D        | Noticed a flying skull
  1433 | D        | Noticed a flying skull
  1482 | D        | Noticed a wyvern
  1483 | D        | Noticed a wyvern
  1484 | D        | Killed a wyvern
  1484 | D        | Reached skill level 1 in Invocations
  1487 | D        | Killed a wyvern
  1496 | D        | Noticed a swamp drake
  1497 | D        | Noticed a death drake
  1499 | D        | Noticed a crystal guardian
  1515 | D        | HP: 1/43 [death drake] (7)]
  1515 | D        | Succumbed to a death drake's dark miasma

Vault maps used:
D:        the_violet_keep_of_menkaure

Action                   |  1- 3 |  4- 6 |  7- 9 | 10-12 || total
-------------------------+-------+-------+-------+-------++-------
Melee: Dagger            |    15 |    44 |    37 |     9 ||   105
 Cast: Corona            |     1 |       |       |       ||     1
       Ensorcelled Hiber |       |     1 |     6 |     4 ||    11
       Confuse           |       |       |     7 |       ||     7
       Dazzling Spray    |       |       |     2 |       ||     2
 Abil: Evoke Flight      |       |       |     3 |       ||     3
  Use: Potion            |       |       |     1 |     2 ||     3
       Scroll            |       |       |    12 |       ||    12
 Stab: Sleeping          |       |     5 |    11 |     4 ||    20
       Confused          |       |       |     5 |       ||     5
       Invisible         |       |       |     2 |       ||     2
